 Dungeon Crawl Stone Soup version 0.19-a0-1886-gd64a0f0 (webtiles) character file.

793 JeffiDaFish the Sneak (level 7, -2/52 HPs)
             Began as a Vampire Enchanter on Oct 15, 2016.
             Slain by a mummy (19 damage)
             ... in an ossuary.
             The game lasted 00:22:26 (5383 turns).

JeffiDaFish the Sneak (Vampire Enchanter)           Turns: 5383, Time: 00:22:27

Health: -2/52      AC:  3    Str:  8 (9)  XL:     7   Next: 57%
Magic:  1/12       EV: 14    Int: 21      God:
Gold:   179        SH:  0    Dex: 15 (16) Spells: 4 memorised, 3 levels left

rFire  . . .     SeeInvis +     a - +2 dagger
rCold  . . .     Gourm    .     b - +1 robe
rNeg   + . .     Faith    .     (no shield)
rPois  .         Spirit   .     (no helmet)
rElec  .         Dismiss  .     (no cloak)
rCorr  .         Reflect  .     (no gloves)
MR     .....     Harm     .     (no boots)
Stlth  +++++.....               (no amulet)
                                m - ring of stealth
                                e - +3 ring of intelligence

@: no status effects
A: fangs 3, talons 1, thin skeletal structure 1, see invisible, unbreathing,
MP-powered wands
a: Bat Form


You were in an ossuary.
You were not thirsty.

You visited 1 branch of the dungeon, and saw 4 of its levels.
You also visited: Ossuary.

You collected 179 gold pieces.

Inventory:

Hand Weapons
 a - a +2 dagger (weapon)
 k - a +1 dagger of venom
Armour
 b - a +1 robe (worn)
Jewellery
 e - a +3 ring of intelligence (left hand)
 g - an uncursed ring of fire
 h - an uncursed ring of poison resistance
 m - a ring of stealth (right hand)
Scrolls
 i - 2 scrolls of remove curse
 j - a scroll of identify
 l - a scroll of teleportation
 o - a scroll of random uselessness
Potions
 d - 20 potions of blood
 f - a potion of curing
Books
 c - a book of Maledictions

   Spells                             Type                      Level
   a - Corona                         Hexes                        1
   b - Ensorcelled Hibernation        Hexes/Ice                    2
   c - Confuse                        Hexes                        3
   d - Tukima's Dance                 Hexes                        3
   e - Dazzling Spray                 Conjuration/Hexes            3


   Skills:
 * Level 3.5 Fighting
 + Level 3.5 Short Blades
 + Level 4.0 Dodging
 + Level 6.3 Stealth
 + Level 3.4 Spellcasting
 + Level 6.0 Hexes
 + Level 2.4 Ice Magic


You had 3 spell levels left.
You knew the following spells:

 Your Spells              Type           Power        Failure   Level  Hunger
a - Corona                Hex            ####...      1%          1    None
b - Ensorcelled Hibernat  Hex/Ice        ###...       3%          2    ##.....
c - Confuse               Hex            ####....     3%          3    ###....
d - Dazzling Spray        Conj/Hex       ###...       14%         3    ###....


Dungeon Overview and Level Annotations

Branches:
Dungeon (4/15)
 Temple: D:4-7

Altars:


Innate Abilities, Weirdness & Mutations

You have razor-sharp teeth.
You have supernaturally acute eyesight. (SInv)
You can survive without breathing.
You have sharp toenails.
You have a somewhat thin skeletal structure. (Dex +2, Stealth)
You expend magic power (3 MP) to strengthen your wands.


Message History

The mummy hits you. The mummy hits you!
* * * LOW HITPOINT WARNING * * *
There is an open door here.
You found an alarm trap!
You feel better.
Casting: Confuse
Confirm with . or Enter, or press ? or * to list all spells.
Aiming: Confuse
Press: ? - help, Shift-Dir - straight line, f - mummy
Aim: a mummy (moderately damaged, chance to defeat MR: 57%)
The mummy appears confused.
Casting: Confuse
Confirm with . or Enter, or press ? or * to list all spells.
You don't have enough magic to cast that spell.
You strike the helpless mummy from behind!
You puncture the mummy!
You destroy the mummy!
Your Dodging skill increases to level 4!
You hit the mummy but do no damage. The mummy hits you!!
You die...

##### #...# #
... #. #^#
###'### #.#
##.....## ##.+
##.......###M@#
#.........#...+
+....⌠.M..M...#
#.........#...+
#.......###..#
##.....## ##.+
###'### #.# #.#
##.## ##.##
#...#


You could see 2 mummies.

Vanquished Creatures
  Grinder (D:3)
  Sigmund (D:2)
  A big kobold (D:3)
  Crazy Yiuf (D:2)
  Jessica (D:3)
  An orc wizard (D:4)
  2 worker ants
  A mummy (Ossuary)
  Robin (D:3)
  5 adders
  A gnoll (D:1)
  2 worms (D:2)
  2 dart slugs
  4 leopard geckos
  16 orcs
  13 bats
  5 giant cockroaches
  18 goblins
  16 hobgoblins
  3 jackals (D:1)
  3 quokkas
  3 ball pythons
  5 frilled lizards
  16 kobolds
  9 rats
131 creatures vanquished.

Notes
Turn   | Place    | Note
-------+----------+-------------------------------------------
     0 | D:1      | JeffiDaFish the Vampire Enchanter began the quest for the Orb.
     0 | D:1      | Reached XP level 1. HP: 13/13 MP: 3/3
   267 | D:1      | Reached XP level 2. HP: 16/19 MP: 5/5
   273 | D:1      | Learned a level 2 spell: Ensorcelled Hibernation
   784 | D:1      | Reached XP level 3. HP: 25/25 MP: 6/6
  1189 | D:1      | Reached skill level 5 in Hexes
  1445 | D:1      | Reached XP level 4. HP: 10/31 MP: 1/7
  1799 | D:2      | Learned a level 3 spell: Confuse
  2035 | D:2      | Reached skill level 1 in Fighting
  2094 | D:2      | Found a runed door.
  2098 | D:2      | Noticed Crazy Yiuf
  2105 | D:2      | Killed Crazy Yiuf
  2105 | D:2      | Reached skill level 1 in Ice Magic
  2160 | D:2      | Noticed Sigmund
  2189 | D:2      | Killed Sigmund
  2189 | D:2      | Reached skill level 5 in Stealth
  2189 | D:2      | Reached XP level 5. HP: 29/39 MP: 0/9
  2189 | D:2      | Reached XP level 6. HP: 33/45 MP: 0/10
  2317 | D:2      | Gained mutation: You expend magic power (3 MP) to strengthen your wands. [potion of mutation]
  2317 | D:2      | Gained mutation: You have sharp toenails. [potion of mutation]
  2317 | D:2      | Gained mutation: You have a somewhat thin skeletal structure. (Dex +2, Stealth) [potion of mutation]
  2469 | D:3      | Noticed Grinder
  2561 | D:3      | Paralysed by Grinder for 5 turns
  3264 | D:3      | HP: 1/46 [Grinder/nerve-wracking pain (2)]
  3559 | D:3      | Killed Grinder
  3559 | D:3      | Reached XP level 7. HP: 32/51 MP: 7/11
  3790 | D:3      | Noticed Jessica
  3796 | D:3      | Noticed Robin
  3844 | D:3      | Killed Jessica
  3886 | D:3      | Learned a level 3 spell: Dazzling Spray
  3961 | D:3      | Killed Robin
  5306 | D:4      | Found a sand-covered staircase.
  5311 | Ossuary  | Entered an ossuary
  5383 | Ossuary  | Slain by a mummy

Vault maps used:
D:1:      dpeg_arrival_shelter, minivault_27, st_stairs_6,
          minmay_misc_feat_tiny, corner_web_ring, patterned_corridor
D:2:      uniq_crazy_yiuf_cottage, uniq_sigmund
D:3:      cheibrodos_thug_alley, roderic_serpentine_path, uniq_grinder,
          uniq_robin, uniq_jessica
D:4:      first_bread, enter_ossuary_2, serial_shops, shop
Ossuary:  ossuary_crypta

Skill      XL: |  1  2  3  4  5  6  7 |
---------------+----------------------+-----
Hexes          | 5 6 |  6.0
Short Blades   | 2 3 |  3.5
Fighting       | 2 3 |  3.5
Ice Magic      | 1 2 |  2.4
Dodging        | 3 4 |  4.0
Stealth        | 5 6 |  6.3
Spellcasting   | 3 |  3.4

Action                   |  1- 3 |  4- 6 |  7- 9 || total
-------------------------+-------+-------+-------++-------
Melee: Dagger            |   147 |   187 |   225 ||   559
       Bite              |     7 |    17 |    19 ||    43
       Kick              |       |    24 |    49 ||    73
 Cast: Ensorcelled Hiber |     3 |     9 |    11 ||    23
       Confuse           |       |    13 |     8 ||    21
       Dazzling Spray    |       |       |     1 ||     1
  Use: Scroll            |     3 |     3 |     4 ||    10
       Potion            |     5 |    12 |    10 ||    27
 Stab: Sleeping          |     7 |    11 |     7 ||    25
       Confused          |       |     6 |     2 ||     8
       Distracted        |       |     1 |     1 ||     2
Armor: Robe              |    47 |    24 |    14 ||    85
Dodge: Dodged            |   119 |    93 |   109 ||   321
